Map: Glittering Ashes LE

Players

Duck

  • Race: Protoss Protoss
  • League: Master
  • Spawn Location: 7:00

Pumba - Winner!

  • Race: Protoss Protoss
  • League: Master
  • Spawn Location: 1:00

VOD

Have the link to the VOD?

Description

Time

  • Played on: April 12, 2022, 8:43 p.m.
  • Length: 11:42
Show
View Real Time Build Order
Export as new Build Order

Duck Protoss 

Build Orders:  

Get SALT Encoding   

  12  0:00  Probe  
  13  0:12  Probe  
  14  0:17  Pylon  
  14  0:24  Probe (Chrono Boost)  
  15  0:36  Probe (Chrono Boost)  
  15  0:37  Gateway  
  16  0:44  Probe (Chrono Boost)  
  16  0:45  Assimilator  
  17  0:51  Probe  
  17  0:55  Assimilator  
  18  1:03  Probe (Chrono Boost)  
  19  1:08  Gateway  
  19  1:15  Probe (Chrono Boost)  
  20  1:23  Probe (Chrono Boost)  
  20  1:24  Cybernetics Core  
  21  1:30  Probe  
  22  1:35  Pylon  
  22  1:42  Probe  
  23  1:54  Probe  
  24  2:02  Stalker x2  
  24  2:03  Warp Gate  
  28  2:22  Pylon  
  28  2:31  Stalker  
  30  2:40  Probe  
  30  2:41  Sentry  
  33  2:52  Nexus  
  33  2:55  Shield Battery  
  33  3:02  Sentry  
  35  3:07  Sentry  
  37  3:15  Probe  
  38  3:24  Twilight Council  
  38  3:27  Probe  
  38  3:29  Pylon  
  39  3:47  Probe  
  40  3:52  Stalker x2  
  44  4:00  Probe (Chrono Boost)  
  45  4:04  Blink (Chrono Boost)  
  45  4:05  Probe (Chrono Boost)  
  46  4:12  Probe (Chrono Boost)  
  46  4:15  Probe (Chrono Boost)  
  48  4:17  Probe (Chrono Boost)  
  48  4:20  Probe (Chrono Boost), Stalker  
  52  4:26  Probe  
  54  4:31  Probe  
  54  4:32  Forge  
  54  4:34  Stalker  
  54  4:38  Probe  
  57  4:43  Probe  
  57  4:44  Pylon  
  58  4:47  Pylon  
  58  4:53  Stalker  
  58  4:54  Protoss Ground Weapons Level 1  
  58  4:59  Stalker  
  62  5:01  Pylon  
  62  5:13  Probe  
  63  5:18  Probe  
  63  5:22  Stalker  
  63  5:24  Nexus, Stalker  
  67  5:31  Probe x2  
  67  5:33  Pylon  
  69  5:44  Gateway  
  69  5:48  Probe  
  69  5:49  Gateway  
  70  5:54  Stalker x2  
  72  6:17  Stalker  
  72  6:18  Stalker  
  62  6:30  Robotics Facility  
  48  6:45  Stalker x2  
  40  7:00  Probe x2  
  39  7:02  Assimilator  
  39  7:03  Probe  
  39  7:05  Zealot x2, Assimilator  
  43  7:08  Charge (Chrono Boost)  
  43  7:12  Probe x2 (Chrono Boost)  
  45  7:17  Probe (Chrono Boost)  
  45  7:18  Zealot x2  
  50  7:24  Probe x2 (Chrono Boost)  
  50  7:28  Probe (Chrono Boost), Stalker  
  55  7:30  Stalker  
  55  7:33  Probe x3 (Chrono Boost)  
  60  7:42  Probe, Stalker  
  63  7:45  Probe  
  63  7:50  Stalker  
  66  7:53  Probe  
  66  7:56  Probe  
  65  8:03  Stalker  
  63  8:08  Zealot  
  65  8:20  Zealot x2  
  69  8:28  Stalker  
  69  8:29  Zealot  
  69  8:32  Probe  
  74  8:35  Observer  
  67  8:59  Zealot x4  
  61  9:13  Probe x2  
  57  9:18  Probe  
  57  9:19  Immortal  
  62  9:24  Gateway  
  62  9:25  Gateway  
  62  9:32  Probe  
  62  9:33  Templar Archives  
  62  9:35  Probe  
  62  9:37  Observer  
  62  9:38  Zealot  
  66  9:41  Probe  
  66  9:44  Probe  
  68  9:51  Probe  
  69  9:54  Probe  
  70  10:02  Zealot x2  
  70  10:03  Zealot  
  76  10:13  Immortal  
  77  10:22  High Templar x2  
  77  10:23  High Templar  
  77  10:25  High Templar  
  77  10:28  Archon  
  84  10:29  Archon  
  84  10:31  Zealot  
  86  10:35  Zealot  
  88  10:45  Pylon  
  88  10:46  Pylon  
  80  11:04  Zealot x3  
  80  11:05  Zealot x3  
Show
View Real Time Build Order
Export as new Build Order

Pumba Protoss - Winner!

Build Orders:  

Get SALT Encoding   

  12  0:00  Probe  
  13  0:13  Probe  
  14  0:17  Pylon  
  14  0:25  Probe  
  15  0:37  Probe (Chrono Boost)  
  15  0:38  Gateway  
  16  0:44  Assimilator  
  16  0:46  Probe (Chrono Boost)  
  17  0:52  Probe (Chrono Boost)  
  17  0:57  Assimilator  
  18  1:04  Probe (Chrono Boost)  
  19  1:13  Probe (Chrono Boost)  
  19  1:14  Gateway  
  20  1:23  Probe  
  21  1:28  Cybernetics Core  
  21  1:35  Probe  
  21  1:37  Pylon  
  22  1:47  Probe  
  23  1:59  Probe  
  24  2:06  Stalker  
  26  2:10  Sentry  
  26  2:14  Probe  
  29  2:16  Warp Gate  
  29  2:17  Pylon  
  29  2:29  Probe  
  30  2:33  Nexus  
  30  2:41  Sentry  
  32  2:46  Probe  
  33  2:51  Sentry  
  33  2:52  Shield Battery  
  35  2:58  Pylon  
  35  3:13  Probe  
  35  3:19  Twilight Council  
  36  3:25  Probe  
  36  3:26  Stalker  
  39  3:28  Stalker  
  41  3:37  Probe (Chrono Boost)  
  42  3:43  Pylon  
  42  3:47  Probe x2 (Chrono Boost)  
  44  3:49  Forge  
  44  3:56  Probe (Chrono Boost)  
  44  3:58  Probe (Chrono Boost)  
  46  4:04  Dark Shrine, Probe  
  47  4:10  Probe  
  47  4:15  Adept  
  47  4:16  Adept  
  52  4:18  Probe  
  52  4:22  Probe  
  54  4:24  Blink  
  54  4:27  Assimilator  
  54  4:30  Protoss Ground Weapons Level 1 (Chrono Boost)  
  54  4:36  Probe x2  
  56  4:39  Assimilator  
  56  4:40  Pylon  
  56  5:00  Probe x2  
  56  5:03  Nexus  
  56  5:06  Shield Battery  
  58  5:08  Gateway  
  58  5:11  Gateway  
  56  5:16  Probe  
  56  5:21  Adept  
  59  5:25  Probe  
  59  5:27  Robotics Facility  
  61  5:28  Probe (Chrono Boost)  
  61  5:29  Stalker  
  63  5:37  Probe (Chrono Boost)  
  65  5:47  Probe (Chrono Boost)  
  65  5:48  Stalker  
  65  5:49  Shield Battery  
  67  5:55  Gateway  
  67  5:56  Stalker  
  69  5:57  Gateway  
  69  5:58  Pylon  
  63  6:13  Stalker x3  
  63  6:18  Immortal (Chrono Boost)  
  69  6:19  Probe x2  
  64  6:31  Stalker  
  64  6:37  Stalker x2  
  67  6:40  Probe x2 (Chrono Boost)  
  66  6:52  Probe (Chrono Boost)  
  66  6:53  Probe (Chrono Boost)  
  67  6:56  Probe (Chrono Boost)  
  67  7:00  Probe (Chrono Boost)  
  66  7:03  Probe, Stalker x4  
  66  7:04  Probe  
  66  7:06  Protoss Ground Weapons Level 2 (Chrono Boost)  
  74  7:12  Observer (Chrono Boost)  
  74  7:14  Probe  
  74  7:15  Probe  
  77  7:18  Probe  
  78  7:24  Adept  
  78  7:25  Adept  
  78  7:26  Probe  
  78  7:29  Shield Battery  
  83  7:34  Charge  
  83  7:35  Sentry  
  85  7:37  Zealot x3  
  85  7:38  Probe (Chrono Boost)  
  85  7:43  Probe (Chrono Boost)  
  94  7:45  Probe (Chrono Boost)  
  94  7:53  Probe (Chrono Boost)  
  91  8:17  Probe x2  
  91  8:18  Nexus  
  91  8:19  Probe  
  92  8:21  Assimilator  
  92  8:25  Assimilator  
  92  8:29  Probe  
  92  8:32  Pylon  
  92  8:33  Gateway  
  92  8:34  Pylon  
  93  8:35  Templar Archives, Gateway  
  93  8:36  Pylon  
  93  8:37  Pylon  
  93  8:41  Zealot x4  
  97  8:52  Zealot x2  
  89  9:00  Immortal (Chrono Boost)  
  85  9:04  Stalker x4  
  85  9:06  Probe (Chrono Boost)  
  92  9:12  Probe x2 (Chrono Boost)  
  92  9:16  Probe (Chrono Boost)  
  91  9:18  Stalker x2  
  91  9:20  Probe (Chrono Boost)  
  96  9:27  Zealot x3  
  96  9:28  Zealot  
  104  9:38  Stalker x2  
  108  9:43  Pylon  
  108  9:46  Photon Cannon x2  
  108  9:48  Photon Cannon  
  108  9:57  High Templar x3  
  108  9:58  High Templar x3  
  120  10:06  Probe x2  
  122  10:09  Warp Prism (Chrono Boost)  
  122  10:10  Probe  
  122  10:13  Assimilator  
  125  10:16  Assimilator  
  123  10:25  Observer  
  123  10:38  Zealot x8  
  123  10:39  Archon x2  
  123  10:40  Archon  
  139  10:51  Shield Battery  
  139  10:53  Shield Battery, Pylon  
  139  10:55  Pylon x2  
  129  11:06  Zealot x2  
  129  11:07  Zealot x6  
Tags
 
Add a new tag
Caveats
  • Supply blocks, unpowered buildings, or Contaminate may cause inaccurate times.
  • Supply counts are checked every 10 seconds.